 Dungeon Crawl Stone Soup version 0.21-a0-221-gfe971b9 (webtiles) character file.

283 Gorglomux the Skirmisher (level 6, -3/57 HPs)
             Began as a Hill Orc Earth Elementalist on Aug 24, 2017.
             Was a Follower of Okawaru.
             Slain by Duvessa
             ... wielding a +0 short sword
              (9 damage)
             ... on level 4 of the Dungeon.
             The game lasted 00:08:32 (4915 turns).

Gorglomux the Skirmisher (HOEE)                     Turns: 4915, Time: 00:08:33

Health: -3/57      AC:  2    Str: 18    XL:     6   Next: 28%
Magic:  6/8        EV: 12    Int: 15    God:    Okawaru [*.....]
Gold:   148        SH:  0    Dex: 11    Spells: 7/8 levels left

rFire    . . .     SeeInvis .   s - +0 hand axe
rCold    . . .     Gourm    .   (no shield)
rNeg     . . .     Faith    +   c - +0 robe
rPois    .         Spirit   .   (no helmet)
rElec    .         Reflect  .   (no cloak)
rCorr    .         Harm     .   (no gloves)
MR       .....                  (no boots)
Stlth    ++........             j - amulet of faith
HPRegen  0.19/turn              u - +5 ring of strength
MPRegen  0.11/turn              (no ring)

@: no status effects
A: no striking features
a: Heroism, Renounce Religion


You were on level 4 of the Dungeon.
You worshipped Okawaru.
Okawaru was aware of your devotion.
You were very hungry.

You visited 1 branch of the dungeon, and saw 4 of its levels.

You collected 148 gold pieces.

Inventory:

Hand Weapons
 r - a +0 dagger
 s - a +0 hand axe (weapon)
Missiles
 b - 91 stones (quivered)
 H - a tomahawk
Armour
 c - a +0 robe (worn)
Jewellery
 j - an amulet of faith (around neck)
 u - a +5 ring of strength (left hand)
 D - a +3 ring of slaying {unknown}
Scrolls
 h - 5 scrolls of identify {unknown}
 m - 2 scrolls of immolation {unknown}
 w - a scroll of teleportation {unknown}
 y - a scroll of magic mapping {unknown}
 E - a scroll of remove curse {unknown}
 F - a scroll of enchant armour {unknown}
Potions
 o - a potion of agility
 p - a potion of curing {unknown}
 q - 2 potions of mutation {unknown}
 t - a potion of resistance {unknown}
 B - 2 potions of ambrosia {unknown}
 C - a potion of haste {unknown}
Books
 e - a book of Geomancy

   Spells                             Type                      Level
   a - Sandblast                      Earth                        1
   b - Passwall                       Transmutation/Earth          2
   c - Stone Arrow                    Conjuration/Earth            3
   d - Petrify                        Transmutation/Earth          4
   e - Lee's Rapid Deconstruction     Earth                        5
 v - a book of Callings

   Spells                             Type                      Level
   a - Summon Small Mammal            Summoning                    1
   b - Call Imp                       Summoning                    2
   c - Call Canine Familiar           Summoning                    3
   d - Summon Guardian Golem          Hexes/Summoning              3
   e - Summon Lightning Spire         Summoning/Air                4
   f - Summon Ice Beast               Ice/Summoning                4
 G - a book of Maledictions

   Spells                             Type                      Level
   a - Corona                         Hexes                        1
   b - Ensorcelled Hibernation        Hexes/Ice                    2
   c - Confuse                        Hexes                        3
   d - Tukima's Dance                 Hexes                        3
   e - Dazzling Spray                 Conjuration/Hexes            3
Comestibles
 d - 2 bread rations
 i - 3 royal jellies
 z - a meat ration


   Skills:
 + Level 5.8 Fighting
 + Level 4.3 Axes
 - Level 1.5 Dodging
 - Level 1.5 Stealth
 - Level 1.5 Spellcasting
   Level 0.6 Transmutations
 - Level 3.0 Earth Magic


You had 7 spell levels left.
You knew the following spells:

 Your Spells              Type           Power        Failure   Level  Hunger
a - Sandblast             Erth           ##....       7%          1    ##.....


Dungeon Overview and Level Annotations

Branches:
Dungeon (4/15)             Temple (0/1) D:4

Altars:
Gozag
Okawaru
Uskayaw
Zin

Annotations:
D:4 Dowan, Duvessa


Message History

You carve Duvessa like a ham!
Duvessa butts moderately wounded!
You feel like a meek peon again! Duvessa hits you with a short sword!
You closely miss Duvessa!
Duvessa is moderately wounded!
Duvessa hits you with a short sword!!!
You slice Duvessa but do no damage!
Duvessa is moderately wounded!
Duvessa barely misses you!
Butt are too injured to fight recklessly!!!
Butt barely miss Duvessa!
Duvessa is moderately wounded!
Duvessa hits you with a short sword!!! * * * don't die
* * * You are too injured to fight recklessly!!!
You cut Duvessa into ribbons!
Duvessa is moderately wounded!
Duvessa hits you with a short sword!!! rip

. ##.....####### ####
e.##.....##...####.##
..e..................
.....................
.....................
.....?...............
.###..##.#######...##
######.##.####...##
#(@e.#...........'.
#.)..#...........#.
#....)...........#.
#...##....##.....#.
#...##....##.....#.
#................##
#.........##.....##
#...##....########
##+###....#


You could see Duvessa.

Vanquished Creatures
  An ogre (D:4)
  Robin (D:2)
  3 gnolls (D:3)
  7 adders
  An ooze (D:3)
  A dart slug (D:3)
  2 leopard geckos
  4 orcs
  A ball python (D:2)
  4 bats
  4 giant cockroaches
  16 goblins
  8 hobgoblins
  4 jackals (D:2)
  2 quokkas
  3 frilled lizards
  7 kobolds
  13 rats
82 creatures vanquished.

Notes
Turn   | Place    | Note
-------+----------+-------------------------------------------
     0 | D:1      | Gorglomux the Hill Orc Earth Elementalist began the quest for the Orb.
     0 | D:1      | Reached XP level 1. HP: 14/14 MP: 3/3
    46 | D:1      | Reached skill level 1 in Fighting
   240 | D:1      | Reached skill level 2 in Fighting
   240 | D:1      | Reached XP level 2. HP: 12/24 MP: 0/4
  1170 | D:2      | Reached skill level 3 in Fighting
  1170 | D:2      | Reached XP level 3. HP: 7/31 MP: 0/5
  1481 | D:2      | Noticed Robin
  1995 | D:2      | Killed Robin
  1995 | D:2      | Reached skill level 4 in Fighting
  2080 | D:2      | Found an iron altar of Okawaru.
  2092 | D:2      | Became a worshipper of Warmaster Okawaru
  2159 | D:2      | Found a glowing silver altar of Zin.
  2162 | D:2      | Reached XP level 4. HP: 40/40 MP: 6/6
  2266 | D:2      | Reached skill level 1 in Axes
  2566 | D:2      | Found an opulent altar of Gozag.
  2700 | D:2      | Found a faded altar of an unknown god.
  2942 | D:3      | Noticed a dagger
  2944 | D:3      | Noticed a hand axe
  2946 | D:3      | Found a hide-covered altar of Uskayaw.
  3252 | D:3      | Reached XP level 5. HP: 27/47 MP: 1/7
  3692 | D:3      | Reached skill level 5 in Fighting
  3692 | D:3      | Reached skill level 3 in Axes
  4713 | D:4      | Noticed Duvessa
  4789 | D:4      | Noticed an ogre
  4800 | D:4      | Killed an ogre
  4800 | D:4      | Reached * piety under Okawaru
  4800 | D:4      | Reached XP level 6. HP: 57/57 MP: 3/8
  4846 | D:4      | Found a staircase to the Ecumenical Temple.
  4888 | D:4      | Noticed Dowan
  4915 | D:4      | Slain by Duvessa

Vault maps used:
D:1:      scummos_arrival_gate
D:2:      lemuel_upstairs_altar, nicolae_overflow_hidden_temple,
          zin_scriptorium, kennysheep_okawaru_gauntlet,
          chequers_ecumenical_altar_lobes, first_bread, uniq_robin
D:3:      dancing_weapons_uskayaw, amethyst_killhole
D:4:      kennysheep_mini_moat, minmay_temple_entry_poolview,
          gup_sewer_entry_pipe, uniq_duvessa

Skill      XL: |  1  2  3  4  5 |
---------------+----------------+-----
Fighting       | 2 3 4 5 |  5.8
Axes           | 2 4 |  4.3
Dodging        | |  1.5
Stealth        | |  1.5
Spellcasting   | |  1.5
Transmutations | |  0.6
Earth Magic    | |  3.0

Action                   |  1- 3 |  4- 6 || total
-------------------------+-------+-------++-------
Melee: Unarmed           |   128 |       ||   128
       Dagger            |    20 |       ||    20
       Hand axe          |     2 |   151 ||   153
Throw: Stone             |     3 |       ||     3
 Cast: Sandblast         |    26 |    40 ||    66
Invok: Heroism           |       |     1 ||     1
  Use: Potion            |     3 |       ||     3
 Stab: Sleeping          |     1 |     3 ||     4
  Eat: Chunk             |     5 |     9 ||    14
Armor: Robe              |    24 |    22 ||    46
Dodge: Dodged            |   108 |   108 ||   216

Table legend:
 A = Spawn XP
 B = Non-spawn XP
 C = Spawn XP percentage of total XP
 D = Spawn monster count
 E = Non-spawn monster count
 F = Spawn count percentage of total count
 G = Total turns spent on level
                    A         B        C        D         E        F      G
               +---------+---------+-------+---------+---------+-------+---------
         Total |      17 |     388 |   4.2 |       9 |      73 |  11.0 |  4915
               +---------+---------+-------+---------+---------+-------+---------
           D:1 |       4 |      29 |  12.1 |       3 |      16 |  15.8 |  1624
           D:2 |       2 |      87 |   2.2 |       1 |      32 |   3.0 |  1196
           D:3 |      11 |     139 |   7.3 |       5 |      21 |  19.2 |  1821
           D:4 |       0 |     133 |   0.0 |       0 |       4 |   0.0 |   274
               +---------+---------+-------+---------+---------+-------+---------
